 Dungeon Crawl Stone Soup version 0.22.0-5-gf09313c (webtiles) character file.

28038 Lew the Carver (level 13, -3/82 HPs)
             Began as a Gargoyle Fighter on Aug 13, 2018.
             Slain by a large abomination (24 damage)
             ... on level 3 of the Abyss.
             The game lasted 01:06:40 (13860 turns).

Lew the Carver (Gargoyle Fighter)                  Turns: 13860, Time: 01:06:41

Health: -3/82      AC: 29    Str: 23      XL:     13   Next: 36%
Magic:  13/13      EV: 13    Int:  8 (11) God:
Gold:   1049       SH: 13    Dex: 20      Spells: 12/12 levels left

rFire    + . .     SeeInvis +   b - +9 falchion "Jaony" {elec, MR- Dex+7 SInv}
rCold    . . .     Gourm    .   c - +0 shield
rNeg     + + +     Faith    .   g - +1 chain mail of Xiureown {MR+ rCorr Str+2}
rPois    ∞         Spirit   .   r - +1 helmet
rElec    +         Reflect  .   z - +2 cloak of the Thief {+Fog Slay-2 SInv Stlth+}
rCorr    +         Harm     .   C - +0 pair of gloves
MR       .....                  (no boots)
Stlth    ..........             (no amulet)
HPRegen  0.23/turn              u - ring of positive energy
MPRegen  0.13/turn              y - ring of positive energy

@: about to teleport
A: hooves 1, clever 1, fire resistance 1, negative energy resistance 1,
electricity resistance, unbreathing, petrification resistance, rot immunity, AC
+9
a: Evoke Fog


You were on level 3 of the Abyss.
You were not hungry.

You visited 1 branch of the dungeon, and saw 13 of its levels.
You visited the Abyss 1 time.
You also visited: Sewer.

You collected 1049 gold pieces.

Inventory:

Hand Weapons
 b - the +9 falchion "Jaony" (weapon) {elec, MR- Dex+7 SInv}
   (You found it on level 7 of the Dungeon)

   Occasionally, upon striking a foe, it will discharge some electrical energy
   and cause terrible harm.
   It affects your dexterity (+7).
   It affects your resistance to hostile enchantments.
   It lets you see invisible.
 e - a +1 whip of electrocution
 i - a +2 flail of draining
 s - a +2 war axe of draining
Missiles
 t - a throwing net (quivered)
Armour
 c - a +0 shield (worn)
 g - the +1 chain mail of Xiureown (worn) {MR+ rCorr Str+2}
   (You found it on level 12 of the Dungeon)

   It affects your strength (+2).
   It affects your resistance to hostile enchantments.
   It provides partial protection from all sources of acid and corrosion.
 r - a +1 helmet (worn)
 z - the +2 cloak of the Thief (worn) {+Fog Slay-2 SInv Stlth+}
   (You found it on level 12 of the Dungeon)

   It affects your accuracy and damage with ranged weapons and melee attacks
   (-2).
   It lets you see invisible.
   It makes you more stealthy.
 B - the +1 robe of Vuch {rCorr Str+6 Dex-3}
   (You found it on level 8 of the Dungeon)

   It affects your strength (+6).
   It affects your dexterity (-3).
   It provides partial protection from all sources of acid and corrosion.
 C - a +0 pair of gloves (worn)
 E - a +10 plate armour of ponderousness
 K - a +1 pair of boots
Jewellery
 k - a cursed -2 ring of intelligence {unknown}
 u - a ring of positive energy (left hand)
 y - a ring of positive energy (right hand)
Wands
 d - a wand of flame (27)
 m - a wand of iceblast (33)
 F - a wand of enslavement (2)
 G - a wand of clouds (3)
 H - a wand of acid (4)
 L - a wand of polymorph (18)
Scrolls
 a - a scroll of acquirement
 h - a scroll of magic mapping
 n - 4 scrolls of blinking
 p - a scroll of remove curse
 q - 3 scrolls of amnesia
 v - 2 scrolls of fear
 w - a scroll of enchant weapon
 x - 2 scrolls of fog
Potions
 j - a potion of brilliance
 l - a potion of magic
 A - 2 potions of curing
 D - 2 potions of flight
 I - 2 potions of invisibility
 J - 2 potions of cancellation
Comestibles
 f - 20 rations


   Skills:
 + Level 10.2 Fighting
 + Level 10.2 Long Blades
 - Level 1.7(4.6) Axes
 - Level 7.5(7.6) Maces & Flails
 + Level 10.1 Armour
 + Level 8.2 Dodging
 + Level 10.2 Shields


You had 12 spell levels left.
You didn't know any spells.
Your spell library contained the following spells:

 Spells                   Type           Power        Failure   Level  Hunger
 Cause Fear               Hex            #.........   100%        4    #####..
 Deflect Missiles         Chrm/Air       #.........   100%        6    #######
 Silence                  Hex/Air        #.........   100%        5    ######.
 Discord                  Hex            #.........   100%        8    #######
 Yara's Violent Unravell  Hex/Tmut       #.........   100%        5    ######.


Dungeon Overview and Level Annotations

Branches:
Dungeon (13/15)            Temple (0/1) D:7            Lair (0/6) D:8
    Orc (0/2) D:11         Vaults (0/5) D:13

Altars:
Ashenzari
Elyvilon
Makhleb
Okawaru
Ru

Shops:
D:13 [


Innate Abilities, Weirdness & Mutations

You are resistant to torment.
Your stone body is resilient. (AC +9)
You are immune to poison.
You resist negative energy. (rN+)
You are resistant to electric shocks. (rElec)
You can survive without breathing.
You are immune to petrification.
You are immune to rotting.
You have large cloven feet.
Your mind is acute. (Int +2)
Your flesh is heat resistant. (rF+)


Message History

The ufetubus disappears in a puff of smoke!
The ynoxinul gestures.
You hit the large abomination but do no damage.
Lightning courses through the large abomination!
The large abomination is almost destroyed.
The large abomination hits you!
* * * LOW HITPOINT WARNING * * *
The ynoxinul hits you.
* * * LOW HITPOINT WARNING * * *
You feel better.
The large abomination barely misses you.
You riposte.
You slash the large abomination!
You destroy the large abomination!
A soul eater comes into view.
You block the ynoxinul's attack.
You slash the large abomination!
You kick the large abomination, but do no damage.
The large abomination is lightly damaged.
You block the ufetubus's attack. x2; The large abomination hits you!!
You die...

#. # ##.. #
.#. #.# .
#.h ..###
..
##..#.#.###
#..###....#
##.X#5§# ##
##§@##...#
#....##3X##
# # #.#. #
Wh5#.. # #
#55#5#. #
.#.#.#X .#
.# #..
..#.. .. .3
# .#..##3
.. ..#...
.#. .. ##
........ .


You could see a soul eater, 3 large abominations, 2 raiju, a ynoxinul, a shadow
(invisible) and 5 ufetubi.

Vanquished Creatures
  A vault guard (D:13)
  A hydra (D:13)
  Erica (D:8)
  An unseen horror (Abyss:3)
  3 wizards
  Pikel (D:5)
  10 deep elf magi (D:12)
  2 necromancers (D:13)
  4 ugly things
  A frost giant skeleton (Abyss:3)
  3 trolls
  2 hornets
  Grinder (D:5)
  2 large abominations (Abyss:3)
  3 hippogriffs
  15 yaks
  A vampire (D:12)
  2 ynoxinuls (Abyss:3)
  A wraith (D:13)
  3 hogs (D:9)
  A basilisk (D:13)
  13 humans
  A wyvern (D:13)
  Eustachio (D:6)
  2 neqoxecs (Abyss:3)
  Edmund (D:4)
  Duvessa (D:5)
  3 ice beasts
  10 orc warriors
  7 sky beasts
  4 black bears
  2 eyes of draining (D:12)
  9 ogres
  10 centaurs
  6 necrophages
  4 phantoms
  6 big kobolds
  5 bullfrogs
  Dowan (D:5)
  2 wyvern skeletons
  6 scorpions
  5 killer bees (D:10)
  18 wights
  4 howler monkeys
  6 crimson imps
  6 hounds
  14 orc priests
  A centaur skeleton (D:12)
  5 jellies
  A bullfrog skeleton (D:8)
  6 iguanas
  17 orc wizards
  4 worker ants
  A hound skeleton (D:6)
  A worker ant zombie (D:7)
  Robin (D:4)
  8 gnolls
  12 adders
  4 shadow imps
  An ufetubus (Abyss:3)
  9 oozes
  An adder zombie (D:6)
  7 worms
  5 dart slugs
  17 leopard geckos
  46 orcs
  10 bats
  10 giant cockroaches
  49 goblins
  29 hobgoblins
  6 jackals
  7 quokkas
  4 ball pythons
  A ball python skeleton (D:5)
  16 frilled lizards
  A jackal skeleton (D:4)
  15 kobolds
  A leopard gecko skeleton (D:4)
  A quokka skeleton (D:4)
  5 rats
508 creatures vanquished.

Vanquished Creatures (collateral kills)
  2 humans (D:13)
2 creatures vanquished.

Vanquished Creatures (others)
  3 humans (D:13)
  A sky beast (D:12)
  A jelly (D:12)
  A worker ant (D:5)
  A ball python (D:5)
  A bush (D:11)
  A lurking horror (Abyss:3)
9 creatures vanquished.

Grand Total: 519 creatures vanquished

Notes
Turn   | Place    | Note
-------+----------+-------------------------------------------
     0 | D:1      | Lew the Gargoyle Fighter began the quest for the Orb.
     0 | D:1      | Reached XP level 1. HP: 14/14 MP: 1/1
    17 | D:1      | Reached skill level 1 in Dodging
   136 | D:1      | Reached XP level 2. HP: 18/19 MP: 2/2
   578 | D:1      | Reached XP level 3. HP: 20/23 MP: 3/3
   844 | D:2      | Reached XP level 4. HP: 25/28 MP: 4/4
  1050 | D:2      | Found a shattered altar of Ashenzari.
  1915 | D:3      | Reached XP level 5. HP: 32/32 MP: 5/5
  2197 | D:3      | Found a sacrificial altar of Ru.
  2217 | D:3      | Reached skill level 1 in Maces & Flails
  2603 | D:4      | Noticed Robin
  2603 | D:4      | Noticed a phantom
  2623 | D:4      | Reached XP level 6. HP: 10/37 MP: 6/6
  2632 | D:4      | Killed Robin
  2658 | D:4      | Killed a phantom
  2921 | D:4      | Reached skill level 5 in Maces & Flails
  2921 | D:4      | Reached XP level 7. HP: 8/41 MP: 7/7
  3392 | D:4      | Noticed Edmund
  3400 | D:4      | Killed Edmund
  3704 | D:5      | Entered Level 5 of the Dungeon
  3811 | D:5      | Noticed Duvessa
  3825 | D:5      | Killed Duvessa
  3825 | D:5      | Reached XP level 8. HP: 31/48 MP: 8/8
  3876 | D:5      | Noticed Grinder
  3892 | D:5      | Paralysed by Grinder for 7 turns
  3900 | D:5      | Killed Grinder
  4306 | D:5      | Noticed Dowan
  4313 | D:5      | Killed Dowan
  4553 | D:5      | Reached skill level 5 in Fighting
  4561 | D:5      | Reached skill level 5 in Armour
  4569 | D:5      | Reached skill level 5 in Shields
  4598 | D:5      | Reached XP level 9. HP: 52/54 MP: 9/9
  4688 | D:5      | Noticed Pikel
  4709 | D:5      | Killed Pikel
  4709 | D:5      | Reached skill level 5 in Dodging
  5205 | D:6      | Noticed Eustachio
  5313 | D:6      | Killed Eustachio
  5335 | D:6      | Found a burning altar of Makhleb.
  5459 | D:6      | Found a glowing drain.
  5468 | Sewer    | Entered a sewer
  5950 | D:6      | Reached XP level 10. HP: 61/61 MP: 10/10
  6550 | D:2      | Gained mutation: Scrolls take you a little longer to read. [potion of mutation]
  6550 | D:2      | Gained mutation: You are agile. (Dex +2) [potion of mutation]
  6550 | D:2      | Gained mutation: Your large and strong wings let you fly indefinitely. [potion of mutation]
  6551 | D:2      | Lost mutation: Your large and strong wings let you fly indefinitely. [potion of mutation]
  6551 | D:2      | Lost mutation: Scrolls take you a little longer to read. [potion of mutation]
  6551 | D:2      | Lost mutation: You are agile. (Dex +2) [potion of mutation]
  6551 | D:2      | Gained mutation: Your flesh is cold resistant. (rC+) [potion of mutation]
  6551 | D:2      | Gained mutation: Your flesh is very cold resistant. (rC++) [potion of mutation]
  6551 | D:2      | Gained mutation: You have sharp toenails. [potion of mutation]
  6552 | D:2      | Lost mutation: You have sharp toenails. [potion of mutation]
  6552 | D:2      | Lost mutation: Your flesh is very cold resistant. (rC++) [potion of mutation]
  6552 | D:2      | Gained mutation: Your flesh is heat resistant. (rF+) [potion of mutation]
  6552 | D:2      | Gained mutation: You have a pair of small horns on your head. [potion of mutation]
  6552 | D:2      | Gained mutation: Your flesh is very heat resistant. (rF++) [potion of mutation]
  6752 | D:7      | Got a smoking falchion
  6753 | D:7      | Identified the +9 falchion "Jaony" {elec, MR- Dex+7 SInv} (You found it on level 7 of the Dungeon)
  6772 | D:7      | Reached skill level 1 in Long Blades
  7086 | D:7      | Found a staircase to the Ecumenical Temple.
  7641 | D:8      | Noticed Erica
  7648 | D:8      | Killed Erica
  7812 | D:8      | Reached skill level 5 in Long Blades
  7892 | D:8      | Got a faintly glowing robe
  7903 | D:8      | Identified the +1 robe of Vuch {rCorr Str+6 Dex-3} (You found it on level 8 of the Dungeon)
  7968 | D:8      | Found a staircase to the Lair.
  8156 | D:8      | Found a white marble altar of Elyvilon.
  9007 | D:9      | Reached XP level 11. HP: 30/66 MP: 11/11
  9343 | D:9      | Noticed a wizard
  9347 | D:9      | Killed a wizard
  9638 | D:10     | Entered Level 10 of the Dungeon
 10375 | D:10     | Found an iron altar of Okawaru.
 10473 | D:11     | Identified a scroll of acquirement
 10475 | D:11     | Noticed a purple ugly thing
 10478 | D:11     | Noticed a cyan ugly thing
 10485 | D:11     | Killed a purple ugly thing
 10492 | D:11     | Killed a cyan ugly thing
 11022 | D:11     | Found a staircase to the Orcish Mines.
 11293 | D:12     | Noticed a deep elf mage
 11364 | D:12     | Reached XP level 12. HP: 61/74 MP: 12/12
 11461 | D:12     | Got an ancient chain mail
 11479 | D:12     | Found the +2 cloak of the Thief {+Fog Slay-2 SInv Stlth+}
 11988 | D:12     | Identified the +1 chain mail of Xiureown {MR+ rCorr Str+2} (You found it on level 12 of the Dungeon)
 12622 | D:13     | Lost mutation: You have a pair of small horns on your head. [potion of mutation]
 12622 | D:13     | Lost mutation: Your flesh is very heat resistant. (rF++) [potion of mutation]
 12622 | D:13     | Lost mutation: Your flesh is cold resistant. (rC+) [potion of mutation]
 12622 | D:13     | Gained mutation: Your flesh is cold resistant. (rC+) [potion of mutation]
 12622 | D:13     | Gained mutation: You possess an exceptional clarity of mind. [potion of mutation]
 12623 | D:13     | Lost mutation: Your flesh is cold resistant. (rC+) [potion of mutation]
 12623 | D:13     | Lost mutation: You possess an exceptional clarity of mind. [potion of mutation]
 12623 | D:13     | Gained mutation: Your mind is acute. (Int +2) [potion of mutation]
 12623 | D:13     | Gained mutation: You have large cloven feet. [potion of mutation]
 12651 | D:13     | Noticed an eight-headed hydra
 12656 | D:13     | Killed an eight-headed hydra
 12797 | D:13     | Found Yfoch's Armour Emporium.
 13145 | D:13     | Reached XP level 13. HP: 74/81 MP: 13/13
 13192 | D:13     | Reached skill level 10 in Long Blades
 13273 | D:13     | Reached skill level 10 in Fighting
 13575 | D:13     | Found a gate to the Vaults.
 13575 | D:13     | Noticed a vault guard
 13575 | D:13     | Noticed a vault guard
 13575 | D:13     | Noticed a vault guard
 13583 | D:13     | Killed a vault guard
 13583 | D:13     | Reached skill level 10 in Armour
 13583 | D:13     | Reached skill level 10 in Shields
 13595 | D:13     | Cast into level 3 of the Abyss (vault guard)
 13595 | Abyss:3  | Found a corrupted altar of Lugonu.
 13860 | Abyss:3  | Slain by a large abomination

Skill      XL: |  1  2  3  4  5  6  7  8  9 10 11 12 13 |
---------------+----------------------------------------+-----
Dodging        | 1 2 3 4 5 6 7 8 |  8.2
Maces & Flails | 2 5 6 7 |  7.5
Armour         | 4 5 6 8 9 10 | 10.1
Fighting       | 4 5 6 8 9 10 | 10.2
Shields        | 4 5 6 8 9 10 | 10.2
Long Blades    | 8 9 10 | 10.2
Axes           | |  1.7

Action                   |  1- 3 |  4- 6 |  7- 9 | 10-12 | 13-15 || total
-------------------------+-------+-------+-------+-------+-------++-------
Melee: War axe           |    21 |    38 |       |       |       ||    59
       Whip              |    75 |   203 |    24 |       |       ||   302
       Flail             |       |       |   588 |    20 |       ||   608
       Falchion          |       |       |       |   624 |   111 ||   735
       Headbutt          |       |       |       |   153 |       ||   153
       Kick              |       |       |       |    51 |    57 ||   108
Evoke: Wand              |       |       |     1 |     5 |    12 ||    18
  Use: Potion            |       |     7 |     1 |    14 |     2 ||    24
       Scroll            |       |     8 |     7 |    17 |     4 ||    36
 Stab: Paralysed         |       |     1 |       |       |       ||     1
       Distracted        |       |       |       |     3 |     1 ||     4
       Sleeping          |       |       |       |     2 |       ||     2
       Confused          |       |       |       |     4 |       ||     4
  Eat: Chunk             |       |     3 |     3 |     8 |     2 ||    16
       Ration            |       |     1 |     3 |     4 |     1 ||     9
Armor: Scale mail        |    46 |   152 |   320 |     4 |       ||   522
       Robe              |       |       |       |   115 |       ||   115
       Leather armour    |       |       |       |    10 |       ||    10
       Chain mail        |       |       |       |    35 |    42 ||    77
Dodge: Dodged            |    36 |    98 |   232 |   276 |    48 ||   690
Block: Shield            |    48 |   150 |   365 |   360 |    72 ||   995
       Rpst.: Falchion   |       |       |       |    79 |    15 ||    94
